 Dungeon Crawl Stone Soup version 0.28-a0-751-gef3a642a4e (webtiles) character file.

Game seed: 728691521907401893

161 Johnny the Slasher (level 5, -4/42 HPs)
             Began as a Human Berserker on Oct 30, 2021.
             Was a Believer of Trog.
             Slain by an orc (8 damage)
             ... on level 3 of the Dungeon.
             The game lasted 00:01:39 (2507 turns).

Johnny the Slasher (Human Berserker)                Turns: 2507, Time: 00:01:40

Health: -4/42      AC:  2    Str: 19    XL:     5   Next: 70%
Magic:  5/5        EV: 12    Int:  7    God:    Trog [**....]
Gold:   74         SH:  0    Dex: 12    Spells: 4/4 levels left

rFire   . . .      SeeInvis .   a - +0 falchion
rCold   . . .      Faith    .   (no shield)
rNeg    . . .      Spirit   .   b - +0 animal skin
rPois   .          Reflect  .   (no helmet)
rElec   .          Harm     .   (no cloak)
rCorr   .          Rampage  .   (no gloves)
Will    ++...                   (no boots)
Stlth   +.........              (no amulet)
HPRegen 1.14/turn               (no ring)
MPRegen 0.09/turn               (no ring)

@: strong-willed, on berserk cooldown, regenerating
A: no striking features
a: Renounce Religion, Berserk, Trog's Hand


You were on level 3 of the Dungeon.
You worshipped Trog.
Trog was pleased with you.
You visited 1 branch of the dungeon, and saw 3 of its levels.

You collected 104 gold pieces.
You spent 30 gold pieces at shops.

Inventory:

Hand Weapons
 a - a +0 falchion (weapon)
Armour
 b - a +0 animal skin (worn)
 m - a +0 helmet
Jewellery
 g - a ring of ice
Wands
 k - a wand of flame (12)
Scrolls
 d - 3 scrolls of identify {unknown}
 h - 2 scrolls of enchant armour {unknown}
 i - a scroll of noise {unknown}
 j - a scroll of immolation {unknown}
Potions
 c - 4 potions of curing
 e - a potion of flight {unknown}
 f - 2 potions of degeneration {unknown}
 l - a potion of magic {unknown}


   Skills:
 + Level 4.1 Fighting
 * Level 5.1 Long Blades
 - Level 2.0 Armour
 - Level 2.0 Dodging


You had 4 spell levels left.
You didn't know any spells.
Your spell library was empty.

Dungeon Overview and Level Annotations

Branches:
Dungeon (3/15)

Altars:

Shops:
D:1 =   D:2 !


Message History

Okay, then.
Things that are here:
a +0 dagger; an orc corpse An orc comes into view.
It is wielding a +0 flail.
An orc comes into view. It is wielding a +0 short sword.
The orc shouts!
A rat comes into view.
The orc hits you with a +0 flail! The orc barely misses you.
The orc closely misses you.
Your skin crawls.
You feel strong-willed. The orc hits you with a +0 flail.
The orc hits you with a +0 flail.
You feel the effects of Trog's Hand fading.
The orc closely misses you. The orc hits you with a +0 flail!
Your skin stops crawling.
You feel less strong-willed. The orc misses you.
Your skin crawls.
You feel strong-willed. The orc hits you with a +0 flail.
Aiming: Throw Flame
Press: ? - help, Shift-Dir - straight line, f - orc
Aim: an orc, wielding a +0 flail (68% to hit)
The puff of flame misses the orc.
The puff of flame hits the orc!
You kill the orc!
Trog accepts your kill.
You feel yourself speed up. The orc hits you with a +0 flail!
* * * LOW HITPOINT WARNING * * *
The orc hits you with a +0 flail!
* * * LOW HITPOINT WARNING * * *
Aiming: Throw Flame
Press: ? - help, Shift-Dir - straight line, f/p - orc
Aim: an orc, wielding a +0 flail (68% to hit)
The puff of flame hits the orc!
The orc is almost dead.
The orc hits you with a +0 flail!
You die...

#...$..o....#.#
#..#.###.#..#.#
#...))...#..#.#
#............#.#
#....#####...#.#
#..#.#<).#...#.#
#..#.###.#...#o#
#..#.. #.#...#o#
#..### #.....#@#
#.. #.#...#.#
###.#.#.#
............#
###.....#.###
#######.# #


You could see 2 orcs.

Vanquished Creatures
  Natasha (thrice) (D:2)
  An orc wizard (D:3)
  A worm (D:2)
  2 dart slugs (D:1)
  5 orcs (D:3)
  2 bats
  4 endoplasms
  3 giant cockroaches
  6 goblins
  3 hobgoblins (D:2)
  3 jackals (D:1)
  A quokka (D:2)
  8 ball pythons
  A frilled lizard (D:1)
  3 kobolds (D:1)
  7 rats
53 creatures vanquished.

Notes
Turn   | Place    | Note
-------+----------+-------------------------------------------
     0 | D:1      | Johnny the Human Berserker began the quest for the Orb.
     0 | D:1      | Reached XP level 1. HP: 18/18 MP: 1/1
    77 | D:1      | Reached XP level 2. HP: 18/24 MP: 2/2
   257 | D:1      | Found Iborhys's Jewellery Shoppe.
   641 | D:1      | Reached XP level 3. HP: 12/29 MP: 3/3
  1258 | D:2      | Reached ** piety under Trog
  1603 | D:2      | Found Bazyr's Distillery.
  1612 | D:2      | Bought a potion of curing for 30 gold pieces
  1634 | D:2      | Reached skill level 4 in Long Blades
  1715 | D:2      | Noticed Natasha
  1723 | D:2      | Killed Natasha
  1724 | D:2      | Reached XP level 4. HP: 37/37 MP: 4/4
  1731 | D:2      | Noticed Natasha
  1780 | D:2      | Killed Natasha
  2200 | D:2      | Reached XP level 5. HP: 36/42 MP: 5/5
  2259 | D:2      | Noticed Natasha
  2268 | D:2      | Killed Natasha
  2390 | D:3      | Reached skill level 5 in Long Blades
  2507 | D:3      | Slain by an orc

Illustrated notes

Levels and vault maps discovered:
D:1:      sevenhm_arrival_forest_fort_small_4, layout_basic, serial_shops,
          nicolae_shop_behind_doors, minmay_misc_feat_plants
D:2:      layout_basic, serial_shops, nicolae_lakefront_shop,
          minmay_pentomino_q4, uniq_natasha
D:3:      layout_basic, basic_ecumenical_altar, kennysheep_generic_room_9,
          uniq_robin, uniq_grinder, uniq_sigmund

Skill      XL: |  1  2  3  4  5 |
---------------+----------------+-----
Long Blades    | 4 5 |  5.1
Fighting       | 4 |  4.1
Armour         | |  2.0
Dodging        | |  2.0

Action                   |  1- 3 |  4- 6 || total
-------------------------+-------+-------++-------
Melee: Falchion          |   111 |    61 ||   172
Invok: Berserk           |     3 |     4 ||     7
       Trog's Hand       |       |     4 ||     4
Evoke: Wand              |       |     2 ||     2
Armor: Animal skin       |    24 |     7 ||    31
Dodge: Dodged            |    70 |    39 ||   109

Table legend: (Time is in decaauts)
 A = Elapsed time spent in this place.
 B = Non-inter-level travel time spent in this place.
 C = Inter-level travel time spent in this place.
 D = Time resting spent in this place.
 E = Time spent auto-exploring this place.
 F = Levels seen in this place.
 G = Mean time per level.
                   A        B        C        D        E       F      G
               +--------+--------+--------+--------+--------+-----+--------+
         Total |   2605 |   2572 |     33 |    487 |   1670 |   3 |  868.3 |
       Dungeon |   2605 |   2572 |     33 |    487 |   1670 |   3 |  868.3 |
               +--------+--------+--------+--------+--------+-----+--------+

Top non-repeatable levels by time:
     D:2: 1284 daAuts
     D:1: 1172 daAuts
     D:3: 148 daAuts
